 Dungeon Crawl Stone Soup version 0.27-a0-1202-ge72e49191c (webtiles) character file.

Game seed: 11945436491820160885

46 mordus the Digger (level 3, -2/20 HPs)
             Began as a Gargoyle Earth Elementalist on June 4, 2021.
             Slain by a goblin
             ... wielding a +0 club
              (4 damage)
             ... on level 2 of the Dungeon.
             The game lasted 00:08:02 (1307 turns).

mordus the Digger (Gargoyle Earth Elementalist)     Turns: 1307, Time: 00:08:03

Health: -2/20      AC:  5    Str: 11    XL:     3   Next: 68%
Magic:  6/7        EV: 11    Int: 16    God:
Gold:   43         SH:  0    Dex: 10    Spells: 3/7 levels left

rFire    . . .     SeeInvis .   f - +0 dagger
rCold    . . .     Faith    .   (no shield)
rNeg     + . .     Spirit   .   c - +0 robe
rPois    ∞         Reflect  .   (no helmet)
rElec    +         Harm     .   (no cloak)
rCorr    .         Rampage  .   (no gloves)
Will     .....                  (no boots)
Stlth    ++........             (no amulet)
HPRegen  0.06/turn              (no ring)
MPRegen  0.10/turn              (no ring)

@: no status effects
A: sickness immunity, AC +3, negative energy resistance 1, electricity
resistance, torment resistance 1, petrification resistance
a: no special abilities


You were on level 2 of the Dungeon.
You visited 1 branch of the dungeon, and saw 2 of its levels.

You collected 43 gold pieces.

Inventory:

Hand Weapons
 f - a +0 dagger (weapon)
Missiles
 b - 22 stones
Armour
 c - a +0 robe (worn)
Jewellery
 a - an amulet of guardian spirit
Scrolls
 d - a scroll of enchant armour {unknown}
 g - a scroll of identify {unknown}
 h - a scroll of teleportation {unknown}
 i - a scroll of torment {unknown}
 k - a scroll of blinking {unknown}
Potions
 e - 2 potions of ambrosia {unknown}
 j - a potion of resistance {unknown}


   Skills:
 + Level 1.3 Fighting
 - Level 1.5 Dodging
 - Level 2.1 Stealth
 * Level 2.7 Spellcasting
 - Level 0.7 Transmutations
 * Level 4.4 Earth Magic


You had 3 spell levels left.
You knew the following spells:

 Your Spells              Type           Power      Damage    Failure   Level
a - Sandblast             Erth           32%        2d9       3%          1
b - Stone Arrow           Conj/Erth      18%        3d8       22%         3

Your spell library contained the following spells:

 Spells                   Type           Power      Damage    Failure   Level
 Passwall                 Tmut/Erth      8%         N/A       10%         2
 Petrify                  Tmut/Erth      10%        N/A       54%         4
 Lee's Rapid Deconstruct  Erth           8%         3d8*      65%         5


Dungeon Overview and Level Annotations

Branches:
Dungeon (2/15)

Altars:

Annotations:
D:2 Robin


Innate Abilities, Weirdness & Mutations

You are immune to sickness and miasma.
Your stone body is resilient. (AC +3)
You are immune to poison.
You resist negative energy. (rN+)
You are resistant to electric shocks. (rElec)
You are resistant to unholy torment.
You are immune to petrification.


Message History

A hobgoblin comes into view.
A hobgoblin comes into view.
The hobgoblin shouts!
You hear a shout!
Robin of the Strong Arm comes into view.
They are wielding a +6 club.
A hobgoblin comes into view.
Robin throws the goblin at you! The goblin misses you.
You barely miss the goblin.
Robin roars a battlecry!
The goblins go into a battle-frenzy!
The goblin hits you but does no damage. The goblin closely misses you.
You hit the goblin but do no damage. The goblin misses you.
The hobgoblin closely misses you. The goblin closely misses you.
You closely miss the goblin. The goblin hits you with a +0 club. x2
The goblin hits you but does no damage.
Found 17 poisoned darts.
A goblin comes into view. It is wielding a +0 club.
Robin throws the goblin at you! The goblin hits you with a +0 club.
The goblin hits you with a +0 club.
* * * LOW HITPOINT WARNING * * *
The goblin barely misses you.
There is a stone staircase leading down here.
You see here 17 poisoned darts.
Robin says, "My goblins will feast on your bones."
Robin roars a battlecry!
You hear a shout!
The goblin no longer looks unusually strong.
The hobgoblin no longer looks unusually strong. x2
A goblin comes into view. It is wielding a +0 club.
The goblin shouts!
The goblin hits you with a +0 club.
* * * LOW HITPOINT WARNING * * *
Casting: Sandblast (safe; 3% risk of failure)
Confirm with . or Enter, or press ? or * to list all spells.
Aiming: Sandblast (safe; 3% risk of failure)
Press: ? - help, Shift-Dir - straight line, f - goblin
Aim: a goblin, wielding a +0 club (74% to hit)
The blast of sand hits the goblin.
You kill the goblin!
The goblin hits you with a +0 club.
You die...

#############
#.g.)@g......
#.###########
#.# #g# #g#
#.# #.# #g#
#.#


You could see a hobgoblin and a goblin.

Vanquished Creatures
  An adder (D:2)
  A dart slug (D:2)
  3 ball pythons (D:1)
  3 endoplasms
  A giant cockroach (D:1)
  4 hobgoblins
  5 jackals
  A quokka (D:1)
  4 bats
  2 frilled lizards
  4 goblins
  A kobold (D:1)
  4 rats
34 creatures vanquished.

Notes
Turn   | Place    | Note
-------+----------+-------------------------------------------
     0 | D:1      | mordus the Gargoyle Earth Elementalist began the quest for
                  | the Orb.
     0 | D:1      | Reached XP level 1. HP: 10/10 MP: 3/3
   116 | D:1      | Found a faded altar of an unknown god.
   177 | D:1      | Reached XP level 2. HP: 16/16 MP: 3/5
   236 | D:1      | Reached skill level 4 in Earth Magic
   472 | D:1      | Reached skill level 1 in Fighting
   630 | D:1      | Reached XP level 3. HP: 20/20 MP: 4/6
   634 | D:1      | Learned a level 3 spell: Stone Arrow
  1281 | D:2      | Noticed Robin
  1307 | D:2      | Slain by a goblin

Illustrated notes

Levels and vault maps discovered:
D:1:      doesnt_arrival_eight_statues, layout_rooms, basic_ecumenical_altar,
          nrook_uturn, corexii_leaking_fountain, minmay_pentomino_o2
D:2:      layout_basic, serial_bayou_pond_e,
          hangedman_abyss_or_decor_lesser_grid, mrwooster_statue_mirror,
          amcnicky_mini_corridor_feature, minmay_quadrilaterals, uniq_robin

Skill      XL: |  1  2 |
---------------+-------+-----
Earth Magic    | 4 |  4.4
Fighting       | 1 |  1.3
Dodging        | |  1.5
Stealth        | |  2.1
Spellcasting   | |  2.7
Transmutations | |  0.7

Action                   || total
-------------------------++-------
Melee: Unarmed           ||    27
       Dagger            ||    14
 Cast: Sandblast         ||    46
Armor: Robe              ||    24
Dodge: Dodged            ||    42

Table legend: (Time is in decaauts)
 A = Elapsed time spent in this place.
 B = Non-inter-level travel time spent in this place.
 C = Inter-level travel time spent in this place.
 D = Time resting spent in this place.
 E = Time spent auto-exploring this place.
 F = Levels seen in this place.
 G = Mean time per level.
                   A        B        C        D        E       F      G
               +--------+--------+--------+--------+--------+-----+--------+
         Total |   1306 |   1306 |      0 |    206 |    807 |   2 |  653.0 |
       Dungeon |   1306 |   1306 |      0 |    206 |    807 |   2 |  653.0 |
               +--------+--------+--------+--------+--------+-----+--------+

Top non-repeatable levels by time:
     D:1: 961 daAuts
     D:2: 344 daAuts
